 Dungeon Crawl Stone Soup version 0.22.1-5-g62c59d9 (webtiles) character file.

238 infcreate the Conjurer (level 5, -1/28 HPs)
             Began as a Deep Elf Conjurer on Jan 13, 2019.
             Slain by Pikel
             ... wielding a +1 whip of freezing
              (3 damage)
             ... on level 3 of the Dungeon.
             The game lasted 00:15:37 (2921 turns).

infcreate the Conjurer (Deep Elf Conjurer)          Turns: 2921, Time: 00:15:39

Health: -1/28      AC:  5    Str:  5    XL:     5   Next: 78%
Magic:  12/14      EV: 13    Int: 21    God:
Gold:   123        SH:  0    Dex: 15    Spells: 7/14 levels left

rFire    . . .     SeeInvis .   (no weapon)
rCold    . . .     Gourm    .   (no shield)
rNeg     + . .     Faith    .   j - +2 animal skin
rPois    .         Spirit   .   k - +0 helmet (curse)
rElec    .         Reflect  .   (no cloak)
rCorr    .         Harm     .   (no gloves)
MR       .....                  (no boots)
Stlth    ++........             (no amulet)
HPRegen  0.09/turn              f - ring of positive energy
MPRegen  0.14/turn              (no ring)

@: no status effects
A: no striking features
a: no special abilities


You were on level 3 of the Dungeon.
You were hungry.

You visited 1 branch of the dungeon, and saw 4 of its levels.

You collected 123 gold pieces.

Inventory:

Armour
 j - a +2 animal skin (worn)
 k - a cursed +0 helmet (worn)
 o - the cursed +1 robe "Cialunun" {rElec Str-5 Dex+8, unknown}
   (You found it on level 4 of the Dungeon)

   It affects your strength (-5).
   It affects your dexterity (+8).
   It insulates you from electricity.
   It has a curse placed upon it.
Jewellery
 f - a ring of positive energy (left hand)
Scrolls
 a - 2 scrolls of teleportation {unknown}
 b - 3 scrolls of identify
 d - a scroll of amnesia {unknown}
 g - a scroll of magic mapping {unknown}
 n - a scroll of noise {unknown}
 q - 2 scrolls of blinking {unknown}
Potions
 e - a potion of brilliance {unknown}
 h - 4 potions of curing {unknown}
 i - a potion of lignification {unknown}
 l - a potion of haste
 m - 3 potions of heal wounds {unknown}
 p - 2 potions of agility {unknown}
Comestibles
 c - 4 rations


   Skills:
 + Level 3.1 Dodging
 + Level 3.0 Stealth
 + Level 5.4 Spellcasting
 + Level 6.3 Conjurations


You had 7 spell levels left.
You knew the following spells:

 Your Spells              Type           Power        Failure   Level  Hunger
a - Magic Dart            Conj           ####         1%          1    None
b - Searing Ray           Conj           ####..       1%          2    None
c - Iskenderun's Mystic   Conj           ####....     8%          4    ####...

Your spell library contained the following spells:

 Spells                   Type           Power        Failure   Level  Hunger
 Dazzling Spray           Conj/Hex       ###...       9%          3    ##.....
 Force Lance              Conj/Tloc      ###.....     28%         4    ####...
 Fulminant Prism          Conj/Hex       ###.......   28%         4    ####...


Dungeon Overview and Level Annotations

Branches:
Dungeon (4/15)
 Temple: D:4-7

Altars:
Ashenzari
Okawaru
Xom
Zin

Annotations:
D:3 Eustachio, Pikel
D:4 Dowan, Duvessa


Message History

You climb upwards.
The bat disappears in a puff of smoke! x2
There is a stone staircase leading down here.
Pikel hits you with a whip of freezing! Pikel freezes you.
Eustachio mumbles some strange words.
Pikel barely misses you. Pikel closely misses you.
Pikel hits you with a whip of freezing. Pikel freezes you.
Okay, then.
Casting: Magic Dart (safe; 1% risk of failure)
Confirm with . or Enter, or press ? or * to list all spells.
Aiming: Searing Ray (safe; 1% risk of failure)
Press: ? - help, Shift-Dir - straight line, f - Pikel
Aim: Pikel, wielding a whip of freezing and wearing a robe (berserk, fast, The searing ray hits Pikel.
Pikel is lightly wounded. (Press . to maintain the ray.) Pikel hits you with a whip of freezing!
* * * LOW HITPOINT WARNING * * *
Pikel freezes you.
You die...

###(..#...................#
#....##......>...........#
#....##.#....5...........#
##.#####..................#
...# ##......55.........#
.## #..#####@.........# .##
#..#.#.#o........## ..####
#..#^#)#K##.....## .....##
#..#...#@##.#####
...#..###..'._.'.##.#
##......##.#...####.#
######.....#.#.# #.# #
###...#.#.####.#
#...#####..#.# #...ยง.#
##.#.# ####### #.#.# #...#


You could see Eustachio, Pikel (berserk), a crimson imp, a white imp and an orc.

Vanquished Creatures
  4 crimson imps (D:3)
  Robin (D:2)
  2 adders (D:2)
  A worm (D:3)
  A dart slug (D:2)
  3 leopard geckos (D:3)
  An orc (D:3)
  3 ball pythons
  6 bats
  3 giant cockroaches
  14 goblins
  10 hobgoblins
  4 jackals (D:3)
  A quokka (D:3)
  2 frilled lizards (D:2)
  2 kobolds
  8 rats
66 creatures vanquished.

Notes
Turn   | Place    | Note
-------+----------+-------------------------------------------
     0 | D:1      | infcreate the Deep Elf Conjurer began the quest for the
                  | Orb.
     0 | D:1      | Reached XP level 1. HP: 10/10 MP: 6/6
   435 | D:1      | Reached XP level 2. HP: 15/15 MP: 6/8
   454 | D:1      | Learned a level 2 spell: Searing Ray
   848 | D:2      | Noticed Robin
   940 | D:2      | Reached skill level 5 in Conjurations
  1111 | D:2      | Reached XP level 3. HP: 19/19 MP: 1/9
  1189 | D:2      | Found an iron altar of Okawaru.
  1303 | D:2      | Killed Robin
  1487 | D:2      | Reached XP level 4. HP: 24/24 MP: 7/11
  1488 | D:2      | Found a shattered altar of Ashenzari.
  1642 | D:2      | Learned a level 4 spell: Iskenderun's Mystic Blast
  2261 | D:3      | Found a glowing silver altar of Zin.
  2310 | D:3      | Found a shimmering altar of Xom.
  2318 | D:3      | Reached skill level 6 in Conjurations
  2400 | D:3      | Reached XP level 5. HP: 28/28 MP: 1/14
  2550 | D:3      | Reached skill level 5 in Spellcasting
  2908 | D:4      | Noticed Eustachio
  2908 | D:4      | Noticed Dowan
  2908 | D:4      | Noticed Pikel
  2908 | D:4      | Noticed a slave
  2908 | D:4      | Noticed a slave
  2908 | D:4      | Noticed a slave
  2908 | D:4      | Noticed a slave
  2908 | D:4      | Noticed an ogre
  2910 | D:4      | Got a smoking robe
  2912 | D:4      | Noticed Duvessa
  2921 | D:3      | Slain by Pikel

Skill      XL: |  1  2  3  4  5 |
---------------+----------------+-----
Conjurations   | 5 6 |  6.3
Spellcasting   | 4 5 |  5.4
Dodging        | 3 |  3.1
Stealth        | 3 |  3.0

Action                   |  1- 3 |  4- 6 || total
-------------------------+-------+-------++-------
Melee: Unarmed           |       |     3 ||     3
 Cast: Magic Dart        |    51 |    77 ||   128
       Searing Ray       |     4 |     6 ||    10
  Use: Scroll            |     2 |       ||     2
  Eat: Chunk             |     1 |     4 ||     5
Armor: Animal skin       |       |     6 ||     6
Dodge: Dodged            |     7 |    17 ||    24
